 Dungeon Crawl Stone Soup version 0.22.1-2-g9c5b331383 (webtiles) character file.

9758 Knicklaso the Grappler (level 11, -5/111 HPs)
             Began as a Troll Warper on Dec 8, 2018.
             Slain by a spiny frog (11 damage)
             ... on level 8 of the Dungeon.
             The game lasted 00:31:47 (10115 turns).

Knicklaso the Grappler (Troll Warper)              Turns: 10115, Time: 00:31:47

Health: -5/111     AC:  7    Str: 26    XL:     11   Next: 27%
Magic:  11/11      EV:  7    Int: 13    God:
Gold:   110        SH:  9    Dex: 15    Spells: 8/12 levels left

rFire    . . .     SeeInvis .     - Unarmed
rCold    . . .     Gourm    +   Q - +1 shield {rPois}
rNeg     . . .     Faith    .   v - +2 robe {MR+}
rPois    +         Spirit   .   (helmet restricted)
rElec    .         Reflect  .   (no cloak)
rCorr    .         Harm     .   (gloves unavailable)
MR       +....                  (boots unavailable)
Stlth    +.........             u - amulet of magic regeneration
HPRegen  0.68/turn              P - +3 ring of intelligence
MPRegen  0.37/turn              E - +4 ring of dexterity

@: mighty, drained
A: large, unfitting armour, claws 3, fast metabolism 3, gourmand, regeneration
1, shaggy fur 1, tough skin 2
a: no special abilities


You were on level 8 of the Dungeon.
You were full.

You visited 3 branches of the dungeon, and saw 12 of its levels.

You collected 668 gold pieces.
You spent 558 gold pieces at shops.

Inventory:

Hand Weapons
 a - a +0 hand axe of flaming
 F - a +0 blowgun
 N - a +3 hunting sling of freezing
Missiles
 b - 389 stones
 d - 2 tomahawks of dispersal (quivered)
 e - 47 poisoned needles
 g - 5 poisoned tomahawks
 j - 10 tomahawks
 O - 87 sling bullets
Armour
 v - a +2 robe of magic resistance (worn)
 Q - a +1 shield of poison resistance (worn)
Jewellery
 u - an amulet of magic regeneration (around neck)
 z - a +3 ring of dexterity
 E - a +4 ring of dexterity (right claw)
 P - a +3 ring of intelligence (left claw)
Wands
 q - a wand of flame (20)
 C - a wand of iceblast (3)
Scrolls
 c - 2 scrolls of blinking
 h - 2 scrolls of teleportation {unknown}
 i - 6 scrolls of identify {unknown}
 m - 5 scrolls of remove curse
 o - 2 scrolls of amnesia {unknown}
 p - a scroll of immolation {unknown}
 r - a scroll of enchant weapon {unknown}
 s - 2 scrolls of fear {unknown}
 t - a scroll of noise {unknown}
 w - 2 scrolls of acquirement {unknown}
 y - 2 scrolls of random uselessness {unknown}
 B - 3 scrolls of fog {unknown}
 D - 3 scrolls of magic mapping {unknown}
 H - a scroll of summoning {unknown}
 I - a scroll of brand weapon {unknown}
 K - 3 scrolls of enchant armour {unknown}
 L - a scroll of torment {unknown}
Potions
 k - 3 potions of brilliance
 l - 2 potions of mutation {unknown}
 n - a potion of agility {unknown}
 x - 2 potions of curing
 A - 2 potions of magic {unknown}
 G - 3 potions of might
 J - a potion of flight {unknown}
Comestibles
 f - 23 rations
 R - 2 chunks of flesh


   Skills:
 - Level 7.8(7.7) Fighting
 - Level 0.8(0.7) Throwing
 - Level 1.9(1.8) Dodging
 + Level 0.4(0.3) Shields
 - Level 12.7(12.5) Unarmed Combat
 - Level 1.2(1.1) Spellcasting
 - Level 6.7(6.6) Translocations


You had 8 spell levels left.
You knew the following spells:

 Your Spells              Type           Power        Failure   Level  Hunger
a - Shroud of Golubria    Chrm/Tloc      #.........   56%         2    ###....
d - Blink                 Tloc           N/A          17%         2    ###....

Your spell library contained the following spells:

 Spells                   Type           Power        Failure   Level  Hunger
 Gell's Gravitas          Tloc           ###.......   34%         3    ####...
 Lesser Beckoning         Tloc           ###.......   34%         3    ####...
 Teleport Other           Tloc           ###.....     34%         3    ####...
 Passage of Golubria      Tloc           N/A          75%         4    #####..
 Magic Dart               Conj           #...         87%         1    ##.....
 Summon Small Mammal      Summ           #...         87%         1    ##.....
 Call Imp                 Summ           #.......     95%         2    ###....
 Searing Ray              Conj           #.....       95%         2    ###....
 Call Canine Familiar     Summ           #.......     99%         3    ####...
 Dazzling Spray           Conj/Hex       #.....       99%         3    ####...
 Summon Guardian Golem    Hex/Summ       #.......     99%         3    ####...
 Force Lance              Conj/Tloc      #.......     99%         4    #####..
 Fulminant Prism          Conj/Hex       #.........   100%        4    #####..
 Iskenderun's Mystic Bla  Conj           #.......     100%        4    #####..
 Summon Ice Beast         Ice/Summ       #.......     100%        4    #####..
 Summon Lightning Spire   Summ/Air       #.......     100%        4    #####..


Dungeon Overview and Level Annotations

Branches:
Dungeon (10/15)            Temple (1/1) D:5            Lair (1/6) D:8
    Orc: D:9-12

Altars:
Ashenzari
Cheibriados
Dithmenos
Elyvilon
Fedhas
Gozag
Hepliaklqana
Kikubaaqudgha
Makhleb
Nemelex Xobeh
Okawaru
Qazlal
Ru
Sif Muna
Trog
Uskayaw
Vehumet
Wu Jian
Xom
Yredelemnul
Zin
The Shining One

Shops:
D:4 *!   D:5 [   D:10 [


Innate Abilities, Weirdness & Mutations

You are too large for most types of armour.
You have claws for hands.
Your metabolism is lightning-fast.
You like to eat raw meat.
Your natural rate of healing is unusually fast.
You are covered in fur. (AC +1)
You have very tough skin. (AC +2)


Message History

It was a potion of might.
You feel very mighty all of a sudden. The spiny frog barely misses you.
Quivering
d - 4 tomahawks of dispersal for throwing.
Throwing (i - inventory. (/) - cycle)
d - 4 tomahawks of dispersal (quivered)
Press: ? - help, Shift-Dir - straight line, f - spiny frog
Aim: a spiny frog You throw a tomahawk of dispersal.
The tomahawk of dispersal hits the spiny frog but does no damage.
The spiny frog stings you!!
* * * LOW HITPOINT WARNING * * *
The spiny frog stings you but does no damage.
Throwing (i - inventory. (/) - cycle)
d - 3 tomahawks of dispersal (quivered)
Press: ? - help, Shift-Dir - straight line, f/p - spiny frog
Aim: a spiny frog You throw a tomahawk of dispersal.
The tomahawk of dispersal barely misses the spiny frog.
The tomahawk of dispersal closely misses the porcupine.
The spiny frog stings you!
You die...

#.# #.####...........P... #.#
#.#..............P.P. #.#
#.#.##.......P..P.... #.#
#.#...<.............. #.#
#.#..#.....PP.P.P...P #.#
#.#..#....♣..P.P.)... #.#
#.#.##..........P..P. #.#
#.####.........>.PP.♣ #.#
#...@Fr.....♣P..PP.PP
#.#############>..♣.P.♣P...PP.
#.................P......PPPP♣
##############.#...P......P..♣
#........................P
#.######.#.#.###.P♣......#
#.#......#.#.####......#.#
#.#....).#.#..............
#.########.#.........#....


You could see a spiny frog and a porcupine.

Vanquished Creatures
  A two-headed ogre (D:10)
  Nergalle (D:10)
  Pikel (D:3)
  The ghost of Ihlosi the Sneak, a novice KoGl (D:6)
  Joseph (D:7)
  4 hippogriffs
  A wraith (D:10)
  A hungry ghost (D:8)
  A vampire (D:9)
  2 porcupines (D:8)
  3 sky beasts
  4 black bears
  A hornet zombie (D:5)
  An orc warrior (D:6)
  An eye of draining (D:5)
  2 ice beasts
  2 necrophages
  A phantom (D:8)
  3 wolves
  7 ogres
  3 centaurs
  3 crocodiles
  A big kobold (D:10)
  5 bullfrogs
  2 gnoll sergeants (D:6)
  3 scorpions
  3 killer bees (D:8)
  5 wights (D:10)
  6 howler monkeys
  4 crimson imps
  A centaur zombie (D:5)
  6 quasits
  3 bullfrog zombies
  A centaur skeleton (D:5)
  4 hounds
  3 jellies
  11 orc priests
  4 iguanas
  5 bullfrog skeletons
  Terence (D:3)
  8 orc wizards
  4 worker ants
  A hound zombie (D:5)
  3 hound skeletons
  A howler monkey zombie (D:10)
  20 gnolls
  A howler monkey skeleton (D:5)
  6 adders
  2 shadow imps (D:6)
  An ooze (D:5)
  3 adder zombies
  3 adder skeletons (D:5)
  2 worms
  5 dart slugs
  4 leopard geckos
  47 orcs
  5 bats
  4 giant cockroaches
  8 goblins
  11 hobgoblins
  4 jackals (D:4)
  15 kobolds
  2 quokkas
  2 ball pythons
  A ball python zombie (D:5)
  5 frilled lizards
  A jackal skeleton (D:6)
  A leopard gecko skeleton (D:5)
  3 rats
286 creatures vanquished.

Vanquished Creatures (others)
  A hound (D:4)
  An orc wizard (D:4)
  A giant cockroach (D:4)
  A fungus (D:8)
4 creatures vanquished.

Grand Total: 290 creatures vanquished

Notes
Turn   | Place    | Note
-------+----------+-------------------------------------------
     0 | D:1      | Knicklaso the Troll Warper began the quest for the Orb.
     0 | D:1      | Reached XP level 1. HP: 19/19 MP: 1/1
   124 | D:1      | Reached XP level 2. HP: 28/28 MP: 2/2
   915 | D:2      | Reached skill level 3 in Unarmed Combat
   915 | D:2      | Reached XP level 3. HP: 35/35 MP: 3/3
  1148 | D:2      | Reached XP level 4. HP: 44/44 MP: 4/4
  1679 | D:3      | Reached skill level 4 in Unarmed Combat
  1893 | D:3      | Noticed Terence
  1898 | D:3      | Killed Terence
  2014 | D:3      | Reached XP level 5. HP: 50/50 MP: 5/5
  2331 | D:4      | Reached skill level 5 in Unarmed Combat
  2460 | D:4      | Reached XP level 6. HP: 61/61 MP: 6/6
  2515 | D:4      | Learned a level 2 spell: Blink
  2543 | D:4      | Found Huysobb's Distillery.
  2543 | D:4      | Noticed Pikel
  2543 | D:4      | Noticed a slave
  2544 | D:4      | Noticed a slave
  2546 | D:4      | Noticed a slave
  2546 | D:4      | Noticed a slave
  2650 | D:3      | Killed Pikel
  2650 | D:3      | Reached skill level 7 in Unarmed Combat
  2650 | D:3      | Reached XP level 7. HP: 35/70 MP: 7/7
  2756 | D:4      | Bought a potion of lignification for 39 gold pieces
  2756 | D:4      | Bought a potion of curing for 39 gold pieces
  2756 | D:4      | Bought a potion of degeneration for 13 gold pieces
  2756 | D:4      | Bought 2 potions of heal wounds for 130 gold pieces
  2913 | D:4      | Found an ancient bone altar of Kikubaaqudgha.
  3064 | D:4      | Found Reoroud's Assorted Antiques.
  3178 | D:5      | Entered Level 5 of the Dungeon
  3184 | D:5      | Reached XP level 8. HP: 70/79 MP: 8/8
  3221 | D:5      | Noticed a hippogriff
  3261 | D:6      | Reached skill level 8 in Unarmed Combat
  3383 | D:6      | Killed a hippogriff
  3383 | D:6      | Reached skill level 5 in Fighting
  3561 | D:5      | Found Hyqiusy's Antique Armour Shop.
  3767 | D:5      | Reached skill level 9 in Unarmed Combat
  3773 | D:5      | Reached XP level 9. HP: 44/88 MP: 9/9
  4084 | D:5      | Found a staircase to the Ecumenical Temple.
  4483 | D:6      | Found a transporter.
  4590 | Temple   | Entered the Ecumenical Temple
  4941 | D:6      | Found a transporter.
  4944 | D:6      | Noticed Ihlosi's ghost (novice KoGl)
  4984 | D:6      | Killed Ihlosi's ghost
  4984 | D:6      | Reached skill level 10 in Unarmed Combat
  4984 | D:6      | Reached skill level 5 in Translocations
  5977 | D:6      | Reached XP level 10. HP: 100/100 MP: 10/10
  6612 | D:7      | Noticed Joseph
  6733 | D:6      | Reached skill level 11 in Unarmed Combat
  6971 | D:7      | Killed Joseph
  7053 | D:4      | Bought a notched cabochon ring for 105 gold pieces
  7793 | D:8      | HP: 1/100 [iguana (10)]
  8068 | D:8      | Found a staircase to the Lair.
  8625 | D:9      | Learned a level 2 spell: Shroud of Golubria
  8791 | D:9      | Reached skill level 12 in Unarmed Combat
  9174 | D:10     | Entered Level 10 of the Dungeon
  9299 | D:10     | Reached XP level 11. HP: 90/109 MP: 11/11
  9390 | D:10     | Noticed a two-headed ogre
  9412 | D:10     | Killed a two-headed ogre
  9764 | D:10     | Found Rufiekk's Armour Emporium.
  9764 | D:10     | Noticed Nergalle
  9775 | D:10     | Killed Nergalle
 10000 | D:5      | Bought a runed shield for 232 gold pieces
 10081 | Lair:1   | Entered Level 1 of the Lair of Beasts
 10114 | D:8      | HP: 5/111 [spiny frog (20)]
 10115 | D:8      | Slain by a spiny frog

Skill      XL: |  1  2  3  4  5  6  7  8  9 10 |
---------------+-------------------------------+-----
Fighting       | 2 3 4 5 6 7 |  7.8
Unarmed Combat | 3 4 5 7 9 10 12 | 12.7
Translocations | 3 4 5 6 |  6.7
Throwing       | |  0.8
Dodging        | |  1.9
Shields        | |  0.4
Spellcasting   | |  1.2

Action                   |  1- 3 |  4- 6 |  7- 9 | 10-12 || total
-------------------------+-------+-------+-------+-------++-------
Melee: Unarmed           |    70 |   140 |   355 |   296 ||   861
       Punch             |       |       |    10 |    15 ||    25
Throw: Stone             |       |       |     6 |       ||     6
       Tomahawk          |       |       |     4 |     3 ||     7
 Cast: Blink             |       |       |     2 |       ||     2
       Shroud of Golubri |       |       |       |     3 ||     3
Evoke: Wand              |       |       |     1 |       ||     1
  Use: Potion            |       |       |     5 |     8 ||    13
       Scroll            |       |       |       |     2 ||     2
 Stab: Sleeping          |       |     2 |     1 |       ||     3
  Eat: Chunk             |    12 |    17 |    29 |    41 ||    99
Armor: Robe              |    23 |    22 |   145 |    96 ||   286
       Skin              |       |       |    22 |       ||    22
Dodge: Dodged            |    39 |    50 |   176 |   147 ||   412
Block: Shield            |       |       |       |     6 ||     6
